 Dungeon Crawl Stone Soup version 0.21.1-1-g345015f (webtiles) character file.

186625 letownia2 the Phalangite (level 18, -7/148 HPs)
             Began as a Merfolk Wizard on Mar 8, 2018.
             Was a High Priest of Cheibriados.
             Mangled by a nagaraja
             ... wielding a +0 flail
              (21 damage)
             ... on level 4 of the Snake Pit on Mar 9, 2018.
             The game lasted 02:13:06 (13821 turns).

letownia2 the Phalangite (Merfolk Wizard)          Turns: 13821, Time: 02:13:07

Health: -7/148     AC: 19    Str: 28    XL:     18   Next: 5%
Magic:  0/39       EV: 18    Int: 33    God:    Cheibriados [*****.]
Gold:   1455       SH:  0    Dex: 27    Spells: 3/33 levels left

rFire    + . .     SeeInvis .   a - +2 glaive (chop)
rCold    + . .     Gourm    .   (shield currently unavailable)
rNeg     . . .     Faith    .   J - +2 plate armour {rPois}
rPois    +         Spirit   +   x - +0 helmet
rElec    +         Reflect  .   o - scarf {rC+ rF+}
rCorr    .         Harm     .   w - +2 pair of gloves
MR       ++...                  (no boots)
Stlth    ..........             R - amulet of Qosik {Spirit rElec Str+7}
HPRegen  1.34/turn              p - ring of magical power
MPRegen  0.26/turn              y - ring of protection from magic

@: lethally poisoned (-7 -> -7), regenerating (expiring), constricted, drained,
very slow
A: change form in water, swift swim, stealthy swim
}: 1/15 runes: decaying
a: Bend Time, Temporal Distortion, Slouch, Step From Time, Renounce Religion


You were on level 4 of the Snake Pit.
You worshipped Cheibriados.
Cheibriados was extremely pleased with you.
You were not hungry.

You visited 5 branches of the dungeon, and saw 30 of its levels.
You also visited: Bailey and Ice Cave.

You collected 1679 gold pieces.
You spent 224 gold pieces at shops.

Inventory:

Hand Weapons
 a - a +2 glaive of chopping (weapon)
 b - a +3 bardiche of venom
 d - the +3 Elemental Staff {rElec rF++ rC++ MR++ AC+5}
   (You found it in a bailey)

   It affects your AC (+5).
   It greatly protects you from fire.
   It greatly protects you from cold.
   It insulates you from electricity.
   It affects your resistance to hostile enchantments.
 v - a +2 halberd of freezing
 S - a +1 halberd of flaming
Missiles
 t - a throwing net (quivered)
 N - 4 curare-tipped needles
 P - 9 javelins
Armour
 c - the -7 cloak of Fedhas's Condemnation {Int-5 Slay+6}
   (You acquired it on level 14 of the Dungeon)

   It affects your intelligence (-5).
   It affects your accuracy and damage with ranged weapons and melee attacks
   (+6).
 o - a scarf of resistance (worn)
 w - a +2 pair of gloves (worn)
 x - a +0 helmet (worn)
 J - a +2 plate armour of poison resistance (worn)
 O - a +2 chain mail of positive energy
Magical Staves
 T - an uncursed staff of death
Jewellery
 e - an uncursed ring of ice
 p - a ring of magical power (left hand)
 y - a ring of protection from magic (right hand)
 R - the amulet of Qosik (around neck) {Spirit rElec Str+7}
   (You found it on level 10 of the Dungeon)

   [amulet of guardian spirit]

   It causes incoming damage to be split between your health and magic.
   It affects your strength (+7).
   It insulates you from electricity.
 X - an uncursed ring of poison resistance
 Y - a +4 ring of evasion
Wands
 r - a wand of paralysis (33)
 u - a wand of flame (52)
 M - a wand of polymorph (25)
 V - a wand of acid (3)
Scrolls
 f - 5 scrolls of enchant armour
 j - 10 scrolls of remove curse
 E - 4 scrolls of amnesia
 G - 7 scrolls of identify
 H - 5 scrolls of teleportation
 I - 3 scrolls of immolation
 L - a scroll of summoning
 U - a scroll of blinking
 W - a scroll of fog
Potions
 g - 3 potions of flight
 h - 2 potions of agility
 i - a potion of brilliance
 k - a potion of haste {unknown}
 l - 2 potions of curing
 m - 2 potions of heal wounds
 n - 4 potions of lignification
 q - a potion of magic
 z - 2 potions of might
 A - 3 potions of cancellation
 B - a potion of resistance
 C - 4 potions of mutation
 Q - 2 potions of invisibility
Miscellaneous
 s - a fan of gales (inert)
 F - a sack of spiders
 Z - a box of beasts
Comestibles
 K - 32 rations


   Skills:
 + Level 14.9(14.6) Fighting
 - Level 22.3(22.2) Polearms
 - Level 4.1(10.2) Staves
 - Level 7.2(6.9) Armour
 - Level 15.8(15.5) Dodging
 - Level 2.1(1.9) Stealth
 - Level 8.0(7.7) Spellcasting
 - Level 4.0(3.8) Conjurations
 - Level 1.2(1.0) Hexes
 - Level 8.1(7.8) Charms
 - Level 2.3(2.1) Summonings
 - Level 3.3(3.1) Necromancy
 - Level 4.3(4.1) Translocations
 - Level 3.2(3.0) Transmutations
 - Level 2.0(1.8) Fire Magic
 - Level 1.6(1.4) Air Magic
 - Level 4.0(3.7) Poison Magic
 - Level 8.2(8.0) Invocations


You had 3 spell levels left.
You knew the following spells:

 Your Spells              Type           Power        Failure   Level  Hunger
a - Magic Dart            Conj           ####         8%          1    None
b - Blink                 Tloc           N/A          10%         2    None
c - Conjure Flame         Conj/Fire      ####....     32%         3    None
e - Mephitic Cloud        Conj/Pois/Air  ####....     30%         3    None
g - Regeneration          Chrm/Necr      #####.....   11%         3    None
i - Call Imp              Summ           ####....     22%         2    None
k - Animate Skeleton      Necr           N/A          10%         1    None
l - Summon Lightning Spi  Summ/Air       ###.....     86%         4    None
n - Ignite Poison         Fire/Tmut/Pois ####....     32%         3    None
p - Passage of Golubria   Tloc           N/A          54%         4    None
x - Dazzling Spray        Conj/Hex       ####..       36%         3    None
z - Summon Butterflies    Summ           ####....     14%         1    None


Dungeon Overview and Level Annotations

Branches:
Dungeon (14/15)              Lair (6/6) D:11          Swamp (4/4) Lair:4
  Snake (4/4) Lair:3          Orc (2/2) D:11            Elf (0/3) Orc:2
 Vaults (0/5) D:14
 Temple: D:4-7        Slime: Lair:5-6

Altars:
Cheibriados
Dithmenos
Gozag
Kikubaaqudgha
Ru
Uskayaw
Xom
Yredelemnul
Zin
The Shining One
Beogh

Shops:
D:4 !([   D:9 }   Orc:2 (([*=

Annotations:
D:7 2 transporters, Menkaure
Lair:6 hadoken's ghost, journeyman HOFE
Swamp:1 exclusion: Roxanne, Roxanne
Snake:2 hadoken's ghost, adept HOFE
Orc:1 Josephine


Message History

The splash of poison misses you. The nagaraja hits you with a flail!!
* * * LOW HITPOINT WARNING * * *
The naga spits poison at you. The splash of poison hits you! You resist.
The naga constricts you.
Unknown command.
Unknown command.
Unknown command.
You hit the nagaraja.
The nagaraja is almost dead.
You feel sick. The nagaraja casts a spell at you.
You resist with almost no effort. The naga warrior completely misses you.
The naga misses you. The naga constricts you.
Unknown command.
Unknown command.
Unknown command.
Your plate armour prevents you from hitting the nagaraja.
The nagaraja is almost dead.
You feel sick. The nagaraja hits you with a flail!!
You die...

..#####.........# .##
#.........# ..#
##........# ..#
#........# ..#
#........# ..#
#........# ..##
#......#####
...#####.....##.NN##
..........####Z(@NS#
.........##..%)###N.#
........##....## ..#
.......##.).### ..≈#
.[)....##.).## .≈≈#
#......#.#%#.# .≈≈≈
######.##Z..## .....
##...####.#.# .≈≈N≈.
#.###.##....##


You could see a naga warrior, a nagaraja, a naga sharpshooter, a sea snake, a
naga and a friendly sea snake skeleton.

Vanquished Creatures
  Jorgrun (Swamp:2)
  Kirke (Lair:5)
  A thorn hunter (Swamp:2)
  9 nagarajas
  Aizul (Swamp:2)
  An orc warlord (Orc:2)
  2 ettins (Orc:2)
  15 naga warriors
  25 hydras
  4 vault guards (D:14)
  10 anacondas
  A centaur warrior (D:13)
  A two-headed ogre (D:10)
  5 alligators
  5 orc high priests
  10 naga sharpshooters
  5 shock serpents
  Nergalle (D:12)
  5 skeletal warriors (D:14)
  A salamander mystic (Snake:3)
  3 spriggan druids (Swamp:4)
  2 wizards (D:14)
  2 shambling mangroves (Swamp:4)
  7 sea snakes (Snake:4)
  6 swamp dragons (Swamp:4)
  3 naga ritualists (Snake:2)
  2 necromancers
  6 orc knights
  2 wolf spiders (Lair:3)
  8 mana vipers
  3 manticores
  A deep elf mage (D:14)
  4 orc sorcerers
  5 salamanders
  20 black mambas
  4 ice statues (IceCv)
  10 naga magi
  A gargoyle (D:12)
  9 guardian serpents
  26 spiny frogs
  3 komodo dragons
  2 rime drakes (D:13)
  A yaktaur (D:14)
  5 ice devils (IceCv)
  3 trolls
  9 tyrant leeches
  4 polar bears
  4 hornets (Swamp:4)
  22 blink frogs
  4 hippogriffs
  9 dream sheep
  12 slime creatures
  2 bog bodies (Swamp:3)
  2 spriggans (Swamp:4)
  A spriggan (shapeshifter) (D:13)
  2 shadows
  18 yaks
  A vampire (D:14)
  7 wraiths
  A wyvern (D:9)
  A water elemental (D:14)
  6 hogs (Lair:5)
  16 humans (D:14)
  3 basilisks
  24 vampire mosquitoes
  3 hungry ghosts
  40 nagas
  16 swamp worms
  4 wargs (Orc:2)
  5 insubstantial wisps (Swamp:1)
  6 water moccasins
  An acid dragon (D:12)
  6 porcupines
  14 swamp drakes
  2 ice beasts
  5 sky beasts
  44 orc warriors
  An eye of draining (D:14)
  9 ogres
  A phantom (D:9)
  11 wolves
  A necrophage (D:9)
  17 centaurs
  6 big kobolds
  3 crocodiles
  25 bullfrogs
  2 scorpions (D:7)
  13 killer bees
  3 electric eels
  A howler monkey (D:13)
  4 crimson imps
  A quasit (D:6)
  A bullfrog zombie (D:10)
  A centaur zombie (D:7)
  4 draconian simulacra (IceCv)
  A bullfrog skeleton (D:12)
  21 orc priests
  5 hounds
  34 orc wizards
  5 centaur skeletons
  Natasha (D:4)
  An iguana (D:5)
  9 worker ants
  2 spriggan simulacra (IceCv)
  2 troll simulacra (IceCv)
  A hound zombie (D:10)
  A hound skeleton (D:4)
  6 gnolls
  13 adders
  A naga simulacrum (IceCv)
  An ogre simulacrum (IceCv)
  3 shadow imps
  An ooze (D:3)
  2 adder zombies
  An adder skeleton (D:6)
  8 worms (Lair:5)
  2 dart slugs
  2 leopard geckos
  99 orcs
  6 bats
  A giant cockroach (D:3)
  11 goblins
  11 hobgoblins
  3 jackals (D:10)
  5 quokkas
  A ball python (D:2)
  6 frilled lizards
  A jackal skeleton (D:5)
  11 kobolds
  A leopard gecko skeleton (D:7)
  A quokka skeleton (D:9)
  3 rats (D:2)
  4 plants
927 creatures vanquished.

Vanquished Creatures (collateral kills)
  A naga mage (Snake:4)
  Edmund (D:4)
  A scorpion (D:4)
  A crimson imp (D:6)
  2 adders
  A worm (D:2)
  3 orcs
  A goblin (D:3)
  2 jackals (D:2)
  A rat (D:3)
14 creatures vanquished.

Vanquished Creatures (others)
  A shock serpent (Snake:4)
  4 dream sheep (D:5)
  A wyvern zombie (D:13)
  8 fungi
  19 plants
33 creatures vanquished.

Grand Total: 974 creatures vanquished

Notes
Turn   | Place    | Note
-------+----------+-------------------------------------------
     0 | D:1      | letownia2 the Merfolk Wizard began the quest for the Orb.
     0 | D:1      | Reached XP level 1. HP: 13/13 MP: 4/4
    36 | D:2      | Reached skill level 1 in Conjurations
    47 | D:2      | Found a snail-covered altar of Cheibriados.
    57 | D:2      | Became a worshipper of Cheibriados the Contemplative
   198 | D:2      | Reached XP level 2. HP: 20/20 MP: 0/6
   207 | D:2      | Learned a level 2 spell: Call Imp
   210 | D:2      | Reached skill level 1 in Fighting
   316 | D:2      | Reached * piety under Cheibriados
   316 | D:2      | Reached XP level 3. HP: 19/26 MP: 1/7
   448 | D:2      | Learned a level 3 spell: Mephitic Cloud
   496 | D:3      | Learned a level 2 spell: Blink
   572 | D:4      | Found Dauciustri's Antique Weapon Boutique.
   596 | D:4      | Reached XP level 4. HP: 15/32 MP: 7/8
   610 | D:4      | Reached skill level 1 in Translocations
   617 | D:4      | Noticed Natasha
   627 | D:4      | Noticed Edmund
   777 | D:4      | Reached skill level 1 in Poison Magic
   778 | D:4      | Found Timoo's Distillery.
   786 | D:4      | Bought a potion of heal wounds for 70 gold pieces
   823 | D:4      | Reached ** piety under Cheibriados
   823 | D:4      | Reached skill level 1 in Polearms
   823 | D:4      | Reached skill level 1 in Air Magic
   823 | D:4      | Reached XP level 5. HP: 33/37 MP: 3/9
   835 | D:4      | Killed Edmund
   835 | D:4      | Reached skill level 2 in Polearms
   903 | D:5      | Entered Level 5 of the Dungeon
   915 | D:5      | Got a brightly glowing robe
   926 | D:5      | Identified the +2 robe of Lolom {Str+4} (You found it on level 5 of the Dungeon)
   936 | D:5      | Noticed a dream sheep
   936 | D:5      | Noticed a dream sheep
   936 | D:5      | Noticed a dream sheep
   936 | D:5      | Noticed a dream sheep
   936 | D:5      | Noticed a dream sheep
   936 | D:5      | Found a shimmering altar of Xom.
   940 | D:5      | Killed a dream sheep
   940 | D:5      | Killed a dream sheep
   940 | D:5      | Killed a dream sheep
   941 | D:5      | Killed a dream sheep
   941 | D:5      | Reached XP level 6. HP: 43/43 MP: 10/10
   942 | D:5      | Killed a dream sheep
   984 | D:5      | Learned a level 3 spell: Conjure Flame
   996 | D:4      | Killed Natasha
  1020 | D:4      | Reached XP level 7. HP: 20/49 MP: 5/11
  1033 | D:4      | Found Lotaett's Antique Armour Boutique.
  1094 | D:4      | Reached skill level 1 in Fire Magic
  1364 | D:6      | Reached skill level 1 in Armour
  1385 | D:6      | Reached *** piety under Cheibriados
  1456 | D:5      | Reached XP level 8. HP: 19/58 MP: 13/13
  1593 | D:5      | Reached skill level 5 in Dodging
  1608 | D:5      | Found a hide-covered altar of Uskayaw.
  1774 | D:7      | Found a basalt altar of Yredelemnul.
  1777 | D:7      | Found a transporter.
  1787 | D:7      | Noticed a wraith
  1860 | D:7      | Found a transporter.
  1860 | D:7      | Found an ancient bone altar of Kikubaaqudgha.
  1864 | D:7      | Noticed Menkaure
  1875 | D:7      | Reached skill level 3 in Polearms
  1889 | D:7      | Reached skill level 4 in Polearms
  1894 | D:7      | Reached **** piety under Cheibriados
  1907 | D:7      | Reached skill level 5 in Polearms
  1942 | D:7      | Reached skill level 6 in Polearms
  1966 | D:7      | Reached XP level 9. HP: 33/65 MP: 15/15
  2027 | D:7      | Reached skill level 7 in Polearms
  2050 | D:7      | Found a shadowy altar of Dithmenos.
  2052 | D:7      | Found a sacrificial altar of Ru.
  2196 | D:4      | Reached skill level 8 in Polearms
  2247 | D:4      | Bought a potion of might for 56 gold pieces
  2247 | D:4      | Bought a potion of lignification for 42 gold pieces
  2247 | D:4      | Bought a potion of agility for 56 gold pieces
  2382 | D:7      | Reached ***** piety under Cheibriados
  2428 | D:7      | Reached skill level 1 in Invocations
  2489 | D:8      | Reached skill level 9 in Polearms
  2571 | D:9      | Reached skill level 10 in Polearms
  2766 | D:8      | Found a glowing silver altar of Zin.
  2770 | D:8      | Reached skill level 5 in Invocations
  2771 | D:8      | Found an opulent altar of Gozag.
  2940 | D:9      | Reached skill level 11 in Polearms
  2940 | D:9      | Reached XP level 10. HP: 42/71 MP: 16/16
  3046 | D:10     | Entered Level 10 of the Dungeon
  3051 | D:10     | Learned a level 3 spell: Dazzling Spray
  3095 | D:10     | Reached ****** piety under Cheibriados
  3237 | D:9      | Found Ablural's Gadget Shop.
  3457 | D:8      | Found a glowing golden altar of the Shining One.
  3539 | D:8      | Noticed a two-headed hydra
  3544 | D:8      | Killed a two-headed hydra
  3544 | D:8      | Reached skill level 12 in Polearms
  3901 | D:10     | Noticed a two-headed ogre
  3909 | D:10     | Killed a two-headed ogre
  3921 | D:10     | Got a warped platinum amulet
  3923 | D:10     | Identified the amulet of Qosik {Spirit rElec Str+7} (You found it on level 10 of the Dungeon)
  3988 | D:10     | Reached XP level 11. HP: 46/77 MP: 9/17
  4147 | D:12     | Noticed a manticore
  4166 | D:12     | Killed a manticore
  4166 | D:12     | Reached skill level 13 in Polearms
  4482 | D:12     | Noticed Nergalle
  4493 | D:12     | Noticed a four-headed hydra
  4495 | D:12     | Killed Nergalle
  4503 | D:12     | Killed a four-headed hydra
  4517 | D:12     | Reached skill level 14 in Polearms
  4591 | D:12     | Learned a level 3 spell: Ignite Poison
  4699 | D:12     | Reached skill level 1 in Transmutations
  4917 | D:11     | Noticed a manticore
  4962 | D:11     | Killed a manticore
  4962 | D:11     | Reached skill level 5 in Spellcasting
  4995 | D:11     | Found a staircase to the Orcish Mines.
  5058 | Orc:1    | Entered Level 1 of the Orcish Mines
  5141 | Orc:2    | Entered Level 2 of the Orcish Mines
  5164 | Orc:2    | Reached XP level 12. HP: 84/84 MP: 16/19
  5200 | Orc:1    | Noticed Josephine
  5206 | Orc:2    | Reached skill level 5 in Fighting
  5278 | Orc:2    | Noticed an ettin
  5297 | Orc:2    | Noticed an ettin
  5300 | Orc:2    | Killed an ettin
  5329 | Orc:2    | Killed an ettin
  5329 | Orc:2    | Reached skill level 10 in Dodging
  5353 | Orc:2    | Found Uliedig's Weapon Shoppe.
  5501 | Orc:2    | Found a staircase to the Elven Halls.
  5630 | Orc:2    | Noticed an orc warlord
  5674 | Orc:2    | Killed an orc warlord
  5703 | Orc:2    | Noticed an orc high priest
  5714 | Orc:2    | Noticed an orc high priest
  5718 | Orc:2    | Found Eghykler's Jewellery Shop.
  5718 | Orc:2    | Found Atacsymo's General Store.
  5781 | Orc:2    | Noticed an orc high priest
  5803 | Orc:2    | Killed an orc high priest
  5805 | Orc:2    | Noticed a soul eater
  5836 | Orc:1    | Noticed an orc warlord
  5837 | Orc:1    | Found a roughly hewn altar of Beogh.
  5917 | Orc:2    | Killed an orc high priest
  6046 | D:13     | Noticed a centaur warrior
  6055 | D:13     | Killed a centaur warrior
  6055 | D:13     | Reached XP level 13. HP: 83/98 MP: 18/24
  6123 | D:13     | Found a frozen archway.
  6157 | D:13     | Reached skill level 15 in Polearms
  6188 | IceCv    | Entered an ice cave
  6248 | IceCv    | Reached skill level 1 in Hexes
  6715 | D:14     | Reached skill level 16 in Polearms
  6902 | D:14     | Found a flagged portal.
  6916 | D:14     | Learned a level 4 spell: Summon Lightning Spire
  6920 | Bailey   | Entered a bailey
  6973 | Bailey   | Found an iron altar of Okawaru.
  7316 | Bailey   | Found the +3 Elemental Staff {rElec rF++ rC++ MR++ AC+5}
  7433 | D:14     | Noticed a vault guard
  7436 | D:14     | Noticed a vault guard
  7437 | D:14     | Noticed a vault guard
  7438 | D:14     | Reached XP level 14. HP: 106/108 MP: 15/25
  7451 | D:14     | Reached skill level 10 in Fighting
  7507 | D:14     | Found a gate to the Vaults.
  7619 | D:14     | Got a polished cloak
  7630 | D:14     | Identified the -7 cloak of Fedhas's Condemnation {Int-5 Slay+6} (You acquired it on level 14 of the Dungeon)
  7915 | Orc:2    | Reached skill level 17 in Polearms
  8150 | Orc:2    | Found Xusum's Antique Armour Shop.
  8150 | Orc:2    | Found Bumoy's Antique Weapon Boutique.
  8504 | D:11     | Found a staircase to the Lair.
  8517 | Lair:1   | Entered Level 1 of the Lair of Beasts
  8651 | Lair:4   | Reached skill level 5 in Armour
  8657 | Lair:4   | Reached skill level 18 in Polearms
  8709 | Lair:4   | Learned a level 1 spell: Summon Butterflies
  8831 | Lair:6   | Entered Level 6 of the Lair of Beasts
  9004 | Lair:5   | Noticed Kirke
  9032 | Lair:5   | Killed Kirke
  9111 | Lair:5   | Reached XP level 15. HP: 111/117 MP: 27/27
  9256 | Lair:5   | Reached skill level 19 in Polearms
  9581 | Lair:6   | Got a brightly glowing dagger
  9582 | Lair:6   | Identified the +4 dagger of the Tooth {pierce, *Contam rF++} (You found it on level 6 of the Lair of Beasts)
  9628 | Lair:6   | Noticed hadoken's ghost (journeyman HOFE)
  9804 | Lair:4   | Found a staircase to the Swamp.
  9811 | Swamp:1  | Entered Level 1 of the Swamp
  9895 | Swamp:1  | Noticed Roxanne
 10042 | Swamp:1  | Learned a level 3 spell: Regeneration
 10074 | Swamp:2  | Noticed Jorgrun
 10076 | Swamp:2  | Killed Jorgrun
 10076 | Swamp:2  | Reached skill level 1 in Necromancy
 10212 | Swamp:2  | Noticed Aizul
 10226 | Swamp:2  | Killed Aizul
 10351 | Swamp:3  | Noticed a thorn hunter
 10368 | Swamp:2  | Killed a thorn hunter
 10423 | Swamp:3  | Reached skill level 5 in Charms
 10432 | Swamp:4  | Entered Level 4 of the Swamp
 10538 | Swamp:4  | Reached skill level 1 in Staves
 10718 | Swamp:4  | Reached XP level 16. HP: 112/123 MP: 28/28
 10734 | Swamp:4  | Reached skill level 20 in Polearms
 10821 | Swamp:4  | HP: 6/123 [shambling mangrove (25)]
 10973 | Swamp:4  | Got a decaying rune of Zot
 11401 | Lair:2   | Reached skill level 21 in Polearms
 11527 | Lair:3   | Found a staircase to the Snake Pit.
 11540 | Snake:1  | Entered Level 1 of the Snake Pit
 11582 | Snake:1  | Learned a level 1 spell: Animate Skeleton
 11587 | Snake:1  | Learned a level 4 spell: Passage of Golubria
 11762 | Snake:2  | Reached skill level 22 in Polearms
 11806 | Snake:2  | Noticed a nagaraja
 11815 | Snake:2  | Killed a nagaraja
 11821 | Snake:2  | Noticed hadoken's ghost (adept HOFE)
 12055 | Snake:3  | Reached XP level 17. HP: 35/130 MP: 2/29
 12395 | Snake:2  | Reached skill level 15 in Dodging
 12639 | Snake:4  | Entered Level 4 of the Snake Pit
 13017 | Snake:4  | Got a pitted crystal amulet
 13018 | Snake:4  | Identified the amulet "Qure" {Inacc rPois rN+} (You found it on level 4 of the Snake Pit)
 13116 | Snake:4  | Identified the +5 short sword of the Chain {flame, rPois} (You found it on level 4 of the Snake Pit)
 13785 | Snake:4  | Reached XP level 18. HP: 134/147 MP: 30/30
 13821 | Snake:4  | Mangled by a nagaraja

Skill      XL: |  1  2  3  4  5  6  7  8  9 10 11 12 13 14 15 16 17 |
---------------+----------------------------------------------------+-----
Conjurations   | 1 2 3 4 |  4.0
Fighting       | 1 3 4 8 9 10 14 | 14.9
Summonings     | 2 |  2.3
Translocations | 1 2 4 |  4.3
Poison Magic   | 1 2 4 |  4.0
Polearms       | 1 2 6 11 12 14 16 18 19 22 | 22.3
Air Magic      | 1 |  1.6
Fire Magic     | 1 2 |  2.0
Armour         | 1 2 4 6 7 |  7.2
Dodging        | 3 5 6 8 9 12 13 14 15 | 15.8
Spellcasting   | 4 5 7 8 |  8.0
Invocations    | 5 7 8 |  8.2
Transmutations | 3 |  3.2
Hexes          | 1 |  1.2
Charms         | 6 8 |  8.1
Necromancy     | 3 |  3.3
Staves         | 1 4 |  4.1
Stealth        | |  2.1

Action                   |  1- 3 |  4- 6 |  7- 9 | 10-12 | 13-15 | 16-18 || total
-------------------------+-------+-------+-------+-------+-------+-------++-------
Melee: Unarmed           |    12 |       |       |       |       |       ||    12
       Mace              |    41 |     5 |       |       |       |       ||    46
       Spear             |       |    19 |       |       |       |       ||    19
       Flail             |       |    13 |    82 |       |       |       ||    95
       Trident           |       |       |   218 |   645 |   248 |       ||  1111
       Halberd           |       |       |       |       |   873 |   254 ||  1127
       Tailslap          |       |       |       |       |    62 |    12 ||    74
       Bardiche          |       |       |       |       |    15 |       ||    15
       Glaive            |       |       |       |       |       |   446 ||   446
       Staff             |       |       |       |       |       |    22 ||    22
Throw: Tomahawk          |       |     6 |     4 |       |       |       ||    10
       Throwing net      |       |       |       |     2 |       |       ||     2
       Javelin           |       |       |       |     1 |     1 |       ||     2
 Cast: Magic Dart        |    28 |    10 |    60 |     4 |       |       ||   102
       Call Imp          |    13 |     3 |    14 |       |       |       ||    30
       Mephitic Cloud    |       |    10 |    38 |    53 |    37 |    12 ||   150
       Blink             |       |     1 |     7 |    21 |    26 |     8 ||    63
       Conjure Flame     |       |       |     9 |    11 |    42 |       ||    62
       Dazzling Spray    |       |       |       |     3 |       |       ||     3
       Ignite Poison     |       |       |       |     4 |       |       ||     4
       Regeneration      |       |       |       |       |     3 |    72 ||    75
       Animate Skeleton  |       |       |       |       |       |     9 ||     9
Invok: Slouch            |       |       |       |     2 |     6 |    15 ||    23
       Temporal Distorti |       |       |       |     1 |       |     1 ||     2
Evoke: Wand              |       |       |       |     5 |     3 |    17 ||    25
       Fan of gales      |       |       |       |       |       |     1 ||     1
       Sack of spiders   |       |       |       |       |       |     1 ||     1
  Use: Potion            |       |       |     1 |     5 |     4 |     8 ||    18
       Scroll            |       |       |     5 |    17 |    10 |     7 ||    39
 Stab: Sleeping          |     3 |       |       |     4 |       |       ||     7
       Confused          |       |     3 |    13 |    40 |    16 |     9 ||    81
       Distracted        |       |       |     1 |       |     1 |       ||     2
  Eat: Chunk             |       |       |     6 |     7 |    13 |       ||    26
       Ration            |       |       |       |       |       |     4 ||     4
Armor: Robe              |    15 |     6 |    70 |       |       |       ||    91
       Ring mail         |       |       |    15 |    65 |       |       ||    80
       Chain mail        |       |       |       |    73 |   109 |       ||   182
       Plate armour      |       |       |       |       |    91 |   183 ||   274
Dodge: Dodged            |    59 |    18 |   216 |   416 |   732 |   655 ||  2096
